 Dungeon Crawl Stone Soup version 0.29.1-15-g9cfb28693d (webtiles) character file.

Game seed: 18351419069341627370

9 Heoruswealwe the Digger (level 2, -6/15 HPs)
             Began as a Deep Elf Earth Elementalist on May 3, 2023.
             Mangled by a small abomination (21 damage)
             ... created by the touch of Lugonu
             ... on level 1 of the Dungeon.
             The game lasted 00:02:15 (218 turns).

Heoruswealwe the Digger (DEEE)                       Turns: 218, Time: 00:02:15

Health: -6/15      AC:  2    Str:  5    XL:     2   Next: 3%
Magic:  3/8        EV: 12    Int: 19    God:
Gold:   54         SH:  0    Dex: 15    Spells: 5/8 levels left

rFire   . . .      SeeInvis .   (no weapon)
rCold   . . .      Faith    .   (no shield)
rNeg    . . .      Spirit   .   c - +0 robe
rPois   .          Reflect  .   (no helmet)
rElec   .          Harm     .   (no cloak)
rCorr   .          Rampage  .   (no gloves)
Will    .....                   (no boots)
Stlth   ++........              (no amulet)
HPRegen 0.05/turn               (no ring)
MPRegen 0.11/turn               (no ring)

@: no status effects
A: no striking features
a: no special abilities


You were on level 1 of the Dungeon.
You visited 1 branch of the dungeon, and saw 1 of its levels.

You collected 54 gold pieces.

Inventory:

Armour
 c - a +0 robe (worn)
Scrolls
 a - a scroll of summoning {unknown}
 d - a scroll of identify {unknown}
Potions
 b - a potion of magic
 e - a potion of curing {unknown}
 f - a potion of brilliance {unknown}


   Skills:
 - Level 2.4 Dodging
 - Level 2.4 Stealth
 + Level 3.5 Spellcasting
 - Level 1.1 Transmutations
 + Level 3.6 Earth Magic


You had 5 spell levels left.
You knew the following spells:

 Your Spells              Type           Power      Damage    Failure   Level
a - Sandblast             Erth           34%        2d9       3%          1
z - Passwall              Tmut/Erth      10%        N/A       9%          2

Your spell library contained the following spells:

 Spells                   Type           Power      Damage    Failure   Level
 Stone Arrow              Conj/Erth      20%        3d8       21%         3
 Petrify                  Tmut/Erth      12%        N/A       47%         4


Dungeon Overview and Level Annotations

Branches:
Dungeon (1/15)

Altars:
Lugonu


Message History

You see here a +0 robe.
You now have 54 gold pieces (gained 13).
Found an emerald potion.
Found a spear.
Found a short sword and a leather armour.
You see here a +0 spear.
Found a puce potion.
An endoplasm comes into view.
You see here a +0 short sword.
The blast of sand hits the endoplasm!
You kill the endoplasm!
You have reached level 2!
Memorise Passwall, consuming 2 spell levels and leaving 5?
You start memorising the spell.
You continue memorising. x2
You finish memorising.
Spell assigned to 'b'.
Adjust (i)tems, (s)pells, or (a)bilities?
Adjust which spell? b - Passwall Adjust to which letter? z - Passwall You see here a +0 leather armour.
e - a puce potion
f - an emerald potion Lugonu's wrath scatters you!
Space warps around you!
You are yanked towards a nearby monster!
Your surroundings suddenly seem different.
An endoplasm comes into view.
Found a black potion.
Lugonu sends minions to punish you.
A small abomination comes into view.
The blast of sand hits the small abomination but does no damage.
The blast of sand hits the small abomination.
The small abomination is lightly damaged.
The small abomination closely misses you.
The blast of sand hits the small abomination!
The small abomination is heavily damaged.
The small abomination hits you!!
Ouch! That really hurt!
You die...

.## ###.#
.. .... ..
J.. .
..###
!#....#
#####....
#...x..#
#..@.#
......####
#####
#####


You could see a small abomination and an endoplasm (asleep).

Vanquished Creatures
  A bat (D:1)
  An endoplasm (D:1)
  A giant cockroach (D:1)
  2 hobgoblins (D:1)
  2 ball pythons (D:1)
  A rat (D:1)
8 creatures vanquished.

Notes
Turn   | Place    | Note
-------+----------+-------------------------------------------
     0 | D:1      | Heoruswealwe the Deep Elf Earth Elementalist began the
                  | quest for the Orb.
     0 | D:1      | Reached XP level 1. HP: 10/10 MP: 6/6
    76 | D:1      | Found a faded altar of an unknown god.
    86 | D:1      | Prayed at the altar of an unknown god.
    86 | D:1      | Became a worshipper of Lugonu the Unformed
    86 | D:1      | Reached * piety under Lugonu
    86 | D:1      | Reached ** piety under Lugonu
    87 | D:1      | Fell from the grace of Lugonu
   190 | D:1      | Reached XP level 2. HP: 15/15 MP: 2/8
   193 | D:1      | Learned a level 2 spell: Passwall
   216 | D:1      | Noticed a small abomination
   218 | D:1      | Mangled by a small abomination

Illustrated notes

Levels and vault maps discovered:
D:1:      dreamdust_arrival_sigmund_warning, layout_loops_ring,
          basic_ecumenical_altar, hangedman_decor_growths, hangedman_decor_push,
          hangedman_decor_clover_reticule, serial_park_tiny_pond

Action                   || total
-------------------------++-------
 Cast: Sandblast         ||    16
Invok: Renounce Religion ||     1
Dodge: Dodged            ||     4
